 Dungeon Crawl Stone Soup version 0.30-a0-930-gb9d0489357 (webtiles) character file.

Game seed: 13229128958586495926

2189 12sPaWn12 the Basher (level 9, 0/55 HPs)
             Began as a Gargoyle Fighter on Mar 23, 2023.
             Slain by a wight
             ... wielding a +5 battleaxe
              (15 damage)
             ... on level 6 of the Dungeon.
             The game lasted 00:14:33 (5895 turns).

12sPaWn12 the Basher (Gargoyle Fighter)             Turns: 5895, Time: 00:14:34

Health: 0/55       AC: 19    Str: 23    XL:     9   Next: 33%
Magic:  9/9        EV: 15    Int: 10    God:
Gold:   314        SH:  5    Dex:  9    Spells: 8/8 levels left

rFire   . . .      SeeInvis .    a - +0 flail (venom)
rCold   . . .      Faith    .    c - +0 buckler
rNeg    + . .      Spirit   .    b - +0 scale mail
rPois   ∞          Reflect  .    (no helmet)
rElec   +          Rampage  .    (no cloak)
rCorr   .                        y - +0 pair of gloves
Will    .....                    (no boots) Stlth
                                 (no amulet)
HPRegen 0.29/turn                l - +5 ring of evasion
MPRegen 0.11/turn                B - +4 ring of protection

@: no status effects
A: sickness immunity, AC +6, negative energy resistance 1, electricity
resistance, torment resistance 1, petrification resistance
a: no special abilities


You were on level 6 of the Dungeon.
You visited 1 branch of the dungeon, and saw 7 of its levels.
You also visited: Ossuary.

You collected 314 gold pieces.

Inventory:

Hand Weapons
 a - a +0 flail of venom (weapon)
Armour
 b - a +0 scale mail (worn)
 c - a +0 buckler (worn)
 y - a +0 pair of gloves (worn)
Jewellery
 l - a +5 ring of evasion (left hand)
 B - a +4 ring of protection (right hand)
Wands
 i - a wand of roots (5)
 w - a wand of mindburst (12)
 C - a wand of charming (2)
 F - a wand of light (11)
Scrolls
 f - a scroll of teleportation
 g - a scroll of amnesia
 h - a scroll of fog {unknown}
 j - 9 scrolls of identify
 k - 2 scrolls of magic mapping {unknown}
 o - 2 scrolls of brand weapon
 t - 3 scrolls of immolation {unknown}
 u - 3 scrolls of enchant armour {unknown}
 z - a scroll of acquirement {unknown}
Potions
 d - 3 potions of might
 e - a potion of heal wounds {unknown}
 m - a potion of magic {unknown}
 n - 2 potions of brilliance {unknown}
 p - 2 potions of mutation {unknown}
 q - a potion of flight {unknown}
 r - a potion of resistance {unknown}
 s - 2 potions of degeneration {unknown}
 v - a potion of lignification {unknown}
 x - a potion of cancellation {unknown}
 A - a potion of attraction {unknown}
 D - a potion of invisibility {unknown}


   Skills:
 * Level 5.9 Fighting
 * Level 8.1 Maces & Flails
 * Level 6.7 Armour
 * Level 3.1 Dodging
 * Level 5.8 Shields


You had 8 spell levels left.
You didn't know any spells.
Your spell library contained the following spells:

 Spells                   Type           Power      Damage    Failure   Level
 Summon Small Mammal      Summ           0%         N/A       75%         1
 Ensorcelled Hibernation  Hex/Ice        0%         N/A       86%         2
 Passwall                 Tmut/Erth      0%         N/A       86%         2
 Static Discharge         Conj/Air       0%         2-2/arc   86%         2
 Call Canine Familiar     Summ           0%         N/A       98%         3
 Summon Guardian Golem    Hex/Summ       0%         N/A       98%         3
 Swiftness                Air            0%         N/A       98%         3
 Vhi's Electric Charge    Tloc/Air       0%         N/A       98%         3
 Arcjolt                  Conj/Air       0%         1d10      100%        5
 Plasma Beam              Fire/Air       0%         2x1d11    100%        5
 Chain Lightning          Conj/Air       0%         N/A       100%        9
 Fire Storm               Conj/Fire      0%         5d1       100%        9
 Shatter                  Erth           0%         3d5*      100%        9


Dungeon Overview and Level Annotations

Branches:
Dungeon (7/15)            Ossuary (visited)
 Temple: D:4-7

Altars:
Gozag


Innate Abilities, Weirdness & Mutations

You are immune to sickness and miasma.
Your stone body is resilient. (AC +6)
You are immune to poison.
You resist negative energy. (rN+)
You are resistant to electric shocks. (rElec)
You are resistant to unholy torment.
You are immune to petrification.


Message History

The wight is lightly damaged.
The wight closely misses you.
You barely miss the wight.
The wight is lightly damaged.
The wight closely misses you.
You barely miss the wight.
The wight is lightly damaged.
The wight completely misses you.
You hit the wight but do no damage.
The wight is lightly damaged.
You block the wight's attack.
You hit the wight.
The wight is moderately damaged.
The wight hits you with a +5 battleaxe.
* * * LOW HITPOINT WARNING * * *
You closely miss the wight.
The wight is moderately damaged.
The wight closely misses you.
You barely miss the wight.
The wight is moderately damaged.
The wight closely misses you.
You hit the wight.
The wight is moderately damaged.
You block the wight's attack.
You barely miss the wight.
The wight is moderately damaged.
The wight barely misses you.
You completely miss the wight.
The wight is moderately damaged.
You block the wight's attack.
You hit the wight but do no damage.
The wight is moderately damaged.
The wight misses you.
You hit the wight.
The wight is severely damaged.
The wight barely misses you.
You hit the wight but do no damage.
The wight is severely damaged.
The wight hits you with a +5 battleaxe!
You die...

#.# ##.# ###.............##
#####..# #...........##..##
#...##.######.................
#.........##..................
##........##..........##.#....
####..............##...####......
#...........#..#.......####...<..
#.........###.##z...###.#......##
..##.....## #.##@....#.....#####
...#.....# #.....#..#..####
.....#...# ###...##...<.#
.....#######......#...### #...##
#...........# #>### ##......##.##
### ##.#..##### #.##.# ######


You could see a wight.

Vanquished Creatures
  Grinder (D:6)
  Sigmund (D:3)
  An ice beast (D:6)
  A black bear (D:5)
  A phantom (D:5)
  A centaur (D:4)
  A scorpion (D:4)
  3 wights (D:7)
  4 killer bees (D:6)
  2 howler monkeys
  6 hounds
  3 human zombies (Ossuary)
  4 jellies
  4 orc priests
  Jessica (D:3)
  2 iguanas (D:5)
  Natasha (thrice) (D:3)
  4 orc wizards
  2 mummies (Ossuary)
  3 gnolls (D:7)
  6 adders
  3 white imps
  An adder zombie (Ossuary)
  2 worms (D:3)
  3 dart slugs (D:2)
  6 orcs
  2 bats
  7 endoplasms
  7 giant cockroaches
  10 goblins
  7 hobgoblins
  8 jackals
  8 kobolds
  2 quokkas
  6 ball pythons
  4 frilled lizards
  A goblin zombie (Ossuary)
  11 hobgoblin zombies (Ossuary)
  9 kobold zombies (Ossuary)
  8 orc zombies (Ossuary)
  3 rats
  3 rat zombies (Ossuary)
165 creatures vanquished.

Notes
Turn   | Place    | Note
-------+----------+-------------------------------------------
     0 | D:1      | 12sPaWn12 the Gargoyle Fighter began the quest for the Orb.
     0 | D:1      | Reached XP level 1. HP: 14/14 MP: 1/1
   127 | D:1      | Reached XP level 2. HP: 17/19 MP: 2/2
   487 | D:1      | Found a faded altar of an unknown god.
   710 | D:2      | Reached XP level 3. HP: 22/23 MP: 3/3
   958 | D:2      | Reached skill level 3 in Maces & Flails
  1476 | D:3      | Noticed Jessica
  1478 | D:3      | Noticed Natasha
  1523 | D:3      | Noticed Sigmund
  1569 | D:3      | Reached XP level 4. HP: 22/28 MP: 4/4
  1622 | D:4      | Reached XP level 5. HP: 15/33 MP: 5/5
  1729 | D:4      | Found a sand-covered staircase.
  1750 | Ossuary  | Entered an ossuary
  1838 | Ossuary  | Reached skill level 1 in Dodging
  1950 | Ossuary  | Reached skill level 4 in Maces & Flails
  1968 | Ossuary  | Reached XP level 6. HP: 32/38 MP: 6/6
  2231 | D:5      | Entered Level 5 of the Dungeon
  2384 | D:5      | Reached skill level 5 in Maces & Flails
  2474 | D:5      | Reached XP level 7. HP: 44/44 MP: 7/7
  2939 | D:5      | Reached skill level 5 in Armour
  3259 | D:5      | Reached skill level 6 in Maces & Flails
  3270 | D:5      | Reached XP level 8. HP: 46/48 MP: 8/8
  3374 | D:5      | Identified the +2 whip of Duty {heavy, rN++}
  3619 | D:4      | Reached skill level 5 in Fighting
  4455 | D:3      | Killed Natasha
  4471 | D:3      | Noticed Natasha
  4477 | D:3      | Killed Natasha
  4486 | D:3      | Noticed Natasha
  4492 | D:3      | Killed Natasha
  4645 | D:3      | Killed Jessica
  4706 | D:3      | Killed Sigmund
  4707 | D:3      | Reached skill level 5 in Shields
  4870 | D:6      | Reached skill level 7 in Maces & Flails
  4902 | D:6      | You fall into a shaft and drop 1 floor!
  4989 | D:6      | Noticed Grinder
  4996 | D:6      | Killed Grinder
  4997 | D:6      | Reached XP level 9. HP: 46/54 MP: 9/9
  5264 | D:6      | Found an opulent altar of Gozag.
  5809 | D:7      | Reached skill level 8 in Maces & Flails
  5895 | D:6      | Slain by a wight

Illustrated notes

Levels and vault maps discovered:
D:1:      dpeg_arrival_rhombi, layout_basic,
          chequers_ecumenical_altar_simple_redux
D:2:      layout_basic, minivault_5, grunt_decor_arrowhead,
          minmay_worlds_worst_comb
D:3:      layout_rooms, uniq_natasha, uniq_jessica, uniq_sigmund
D:4:      layout_cave_pods, nicolae_ossuary_entry_false_entrances
D:5:      layout_loops_ring
D:6:      layout_cave_pools, mainiacjoe_overflow_catwalk,
          nicolae_concentric_dashed_squares_mild, uniq_grinder
D:7:      layout_cave_pods, minmay_temple_entry_arrows

Skill      XL: |  1  2  3  4  5  6  7  8  9 |
---------------+----------------------------+-----
Maces & Flails | 3 4 5 6 7 8 |  8.1
Dodging        | 1 2 3 |  3.1
Fighting       | 4 5 |  5.9
Armour         | 4 5 6 |  6.7
Shields        | 4 5 |  5.8

Action                     |  1- 3 |  4- 6 |  7- 9 || total
---------------------------+-------+-------+-------++-------
  Melee: Flail             |   129 |   203 |   319 ||   651
         Unarmed           |       |       |     1 ||     1
    Use: Potion            |       |     2 |     5 ||     7
         Scroll            |       |     1 |     5 ||     6
 Armour: Scale mail        |    77 |   121 |   132 ||   330
         Skin              |       |       |     4 ||     4
  Dodge: Dodged            |    59 |   111 |   270 ||   440
  Block: Buckler           |    24 |    60 |    88 ||   172

Table legend: (Time is in decaauts)
 A = Elapsed time spent in this place.
 B = Non-inter-level travel time spent in this place.
 C = Inter-level travel time spent in this place.
 D = Time resting spent in this place.
 E = Time spent auto-exploring this place.
 F = Levels seen in this place.
 G = Mean time per level.
                   A        B        C        D        E       F      G
               +--------+--------+--------+--------+--------+-----+--------+
         Total |   6015 |   5469 |    546 |      0 |   3909 |   8 |  751.9 |
       Dungeon |   5678 |   5132 |    546 |      0 |   3816 |   7 |  811.1 |
       Ossuary |    336 |    336 |      0 |      0 |     93 |   1 |  336.0 |
               +--------+--------+--------+--------+--------+-----+--------+

Top non-repeatable levels by time:
     D:4: 1253 daAuts
     D:5: 1236 daAuts
     D:2: 989 daAuts
     D:6: 671 daAuts
     D:1: 637 daAuts
     D:3: 473 daAuts
     D:7: 415 daAuts
 Ossuary: 336 daAuts
